 Dungeon Crawl Stone Soup version 0.29.1-12-g30fa7ad0bf (webtiles) character file.

Game seed: 13692838824638321240

58831 croobank the Destroyer (level 14, -6/103 (110) HPs)
             Began as a Demonspawn Conjurer on Jan 14, 2023.
             Was an Initiate of Gozag.
             Killed from afar by Jorgrun (40 damage)
             ... with an iron shot
             ... on level 2 of the Orcish Mines.
             The game lasted 01:37:47 (29187 turns).

croobank the Destroyer (Demonspawn Conjurer)       Turns: 29187, Time: 01:37:48

HP:   -6/103 (110)  AC: 15    Str: 12    XL:     14   Next: 50%
MP:   27/27         EV: 17    Int: 25    God:    Gozag
Gold: 3774          SH:  0    Dex: 15    Spells: 11/31 levels left

rFire   . . .      SeeInvis .   o - +3 woodcutter's axe {vorpal}
rCold   + + .      Faith    .   (shield currently unavailable)
rNeg    . . .      Spirit   .   J - +2 robe {rC+ rF+}
rPois   .          Reflect  .   (helmet restricted)
rElec   .          Harm     .   O - +1 cloak {Will+}
rCorr   +          Rampage  .   (no gloves)
Will    ++...                   r - +0 pair of boots
Stlth   ++++......              M - amulet "Guigacvu" {Regen+ Str+4}
HPRegen 1.07/turn               v - ring of Idoatuq {AC+4 Dex+4}
MPRegen 0.20/turn               y - ring of ice

@: gold aura, studying Polearms, drained
A: antennae 2, yellow scales 3, ignite blood 2, powered by pain 3
a: Renounce Religion, Potion Petition, Call Merchant, Bribe Branch


You were on level 2 of the Orcish Mines.
You worshipped Gozag.
Gozag was most pleased with you.
You visited 4 branches of the dungeon, and saw 19 of its levels.
You also visited: Sewer.

You collected 4710 gold pieces.
You paid 936 gold pieces to Gozag.

Inventory:

Hand Weapons
 b - the +8 sling of Destiny {flame, rElec rF+ rC- Str+4}
   (You took it off an orc on level 10 of the Dungeon)

   Any ammunition fired from it burns those it strikes, dealing additional fire
   damage.
   Str:       It affects your strength (+4).
   rF:        It protects you from fire.
   rC:        It makes you vulnerable to cold.
   rElec:     It insulates you from electricity.
 o - the +3 woodcutter's axe (weapon) {vorpal}
   (You took it off a gnoll on level 6 of the Dungeon)

   It inflicts extra damage upon your enemies.
 p - the +1 dagger of the New World {vorpal, Str+2}
   (You found it on level 3 of the Dungeon)

   It inflicts extra damage upon your enemies.
   Str:       It affects your strength (+2).
 z - a +0 falchion
 L - a +3 scimitar of flaming
 N - a +3 quarterstaff of chaos
 P - the +2 spear of Exquisite Torment {freeze, rElec rF+ Dex+2 Stlth+}
   (You found it on level 8 of the Dungeon)

   It freezes those it strikes, dealing additional cold damage.
   It can also slow down cold-blooded creatures.
   Dex:       It affects your dexterity (+2).
   rF:        It protects you from fire.
   rElec:     It insulates you from electricity.
   Stlth:     It makes you more stealthy.
 Q - a +6 hand axe of electrocution
 S - a +5 spectral short sword
 U - a +1 glaive of flaming
Missiles
 g - 4 curare-tipped darts (quivered)
 C - 16 poisoned darts
Armour
 m - a +0 crystal plate armour
 r - a +0 pair of boots (worn)
 J - a +2 robe of resistance (worn)
 O - a +1 cloak of willpower (worn)
 V - +0 swamp dragon scales
Magical Staves
 H - a staff of death
 X - a staff of air
Jewellery
 n - a +4 ring of protection
 s - an amulet of the acrobat
 v - the ring of Idoatuq (left hand) {AC+4 Dex+4}
   (You found it on level 3 of the Dungeon)

   [ring of protection]

   AC:        It affects your AC (+4).
   Dex:       It affects your dexterity (+4).
 y - a ring of ice (right hand)
 F - a ring of flight
 M - the amulet "Guigacvu" (around neck) {Regen+ Str+4}
   (You found it on level 3 of the Lair of Beasts)

   [amulet of regeneration]

   Str:       It affects your strength (+4).
   Regen:     It increases your rate of health regeneration.
 Y - a ring of see invisible
Wands
 t - a wand of flame (23)
 A - a wand of mindburst (18)
 I - a wand of paralysis (11)
 K - a wand of iceblast (10)
 R - a wand of digging (2)
Scrolls
 f - 9 scrolls of teleportation
 k - 4 scrolls of amnesia
 l - 3 scrolls of fog
 u - 2 scrolls of torment
 x - 4 scrolls of identify
 D - 2 scrolls of vulnerability
 W - a scroll of blinking
 Z - a scroll of summoning
Potions
 a - a potion of might
 c - 11 potions of curing
 d - 2 potions of ambrosia
 e - a potion of flight
 h - a potion of heal wounds
 i - a potion of magic
 j - 3 potions of resistance
 q - 2 potions of cancellation
 w - 2 potions of haste
 B - 2 potions of invisibility
 E - 2 potions of attraction
 G - a potion of brilliance
 T - a potion of mutation


   Skills:
 * Level 10.3 Fighting
 - Level 0.4(2.6) Axes
 + Level 4.2 Polearms
 - Level 5.0 Armour
 * Level 9.5 Dodging
 * Level 10.3 Stealth
 * Level 9.4 Spellcasting
 * Level 10.9 Conjurations
 - Level 6.4 Hexes
 - Level 6.3 Summonings
 * Level 4.8 Translocations
 - Level 5.0 Poison Magic


You had 11 spell levels left.
You knew the following spells:

 Your Spells              Type           Power      Damage    Failure   Level
a - Magic Dart            Conj           100%       1d8       1%          1
b - Searing Ray           Conj           100%       2d8       1%          2
c - Dazzling Flash        Conj/Hex       100%       N/A       1%          3
d - Call Canine Familiar  Summ           43%        N/A       1%          3
e - Fulminant Prism       Conj/Hex       26%        3d14      1%          4
f - Mephitic Cloud        Conj/Pois/Air  38%        N/A       1%          3
g - Iskenderun's Mystic   Conj/Tloc      50%        2d11      1%          4

Your spell library contained the following spells:

 Spells                   Type           Power      Damage    Failure   Level
 Call Imp                 Summ           43%        N/A       1%          2
 Portal Projectile        Hex/Tloc       80%        N/A       1%          3
 Stone Arrow              Conj/Erth      78%        3d11      1%          3
 Tukima's Dance           Hex            44%        N/A       1%          3
 Poisonous Vapours        Pois/Air       48%        N/A       2%          2
 Gell's Gravitas          Tloc           36%        N/A       2%          3
 Teleport Other           Tloc           36%        N/A       2%          3
 Passage of Golubria      Tloc           36%        N/A       7%          4
 Animate Armour           Summ/Erth      54%        N/A       14%         4
 Leda's Liquefaction      Hex/Erth       13%        N/A       14%         4
 Irradiate                Conj/Tmut      19%        3d18      16%         5
 Silence                  Hex/Air        13%        N/A       36%         5
 Dispersal                Tloc           18%        N/A       73%         6
 Blade Hands              Tmut           5%         N/A       82%         5
 Dragon Form              Tmut           5%         N/A       100%        7
 Lehudib's Crystal Spear  Conj/Erth      19%        10d6      100%        8
 Corpse Rot               Necr/Pois/Air  Unusable   N/A       N/A         4

Dungeon Overview and Level Annotations

Branches:
Dungeon (11/15)            Temple (1/1) D:7            Lair (5/5) D:8
  Swamp (0/4) Lair:3       Spider (0/4) Lair:3        Slime (0/5) Lair:4
    Orc (2/2) D:10          Sewer (visited)
    Elf: Orc:2

Altars:
Ashenzari
Cheibriados
Dithmenos
Fedhas
Gozag
Hepliaklqana
Kikubaaqudgha
Makhleb
Nemelex Xobeh
Okawaru
Qazlal
Ru
Sif Muna
Trog
Uskayaw
Vehumet
Wu Jian
Xom
Yredelemnul
Jiyva

Shops:
D:9 =

Annotations:
D:5 1 transporter, hawla's ghost, novice MeFE
D:9 1 runed translucent door, mampy3000's ghost, journeyman MiBe
Orc:2 Jorgrun


Innate Abilities, Weirdness & Mutations

You have a pair of antennae on your head.
You are completely covered in yellow scales. (AC +4, rCorr)
Your demonic aura often causes spilled blood to erupt in flames.
You are powered by pain.


Message History

Casting: Magic Dart (safe; 1% risk of failure)
Confirm with . or Enter, or press ? or * to list all spells.
Aiming: Searing Ray (safe; 1% risk of failure)
Press: ? - help, Shift-Dir - straight line, f - orc knight
Aim: an orc knight, wielding a +0 arbalest (76% to hit)
The searing ray hits the orc knight!
The orc knight is lightly wounded. (Press . to maintain the ray.)
The orc knight unwields a +0 arbalest.
The orc knight wields a +0 broad axe.
The orc knight hits you with a +0 broad axe!
You focus on the pain.
You feel your power returning.
Casting: Searing Ray (safe; 1% risk of failure)
Confirm with . or Enter, or press ? or * to list all spells.
Casting: Dazzling Flash (safe; 1% risk of failure)
Press: ? - help, Dir - look around, f - activate The orc knight is dazzled.
Jorgrun points at you and mumbles some strange words.
Roots burst forth from the earth!
The grasping roots grab you! The grasping roots constrict you!
The orc warrior shoots a bolt.
The bolt closely misses you.
A centaur comes into view.
The orc knight closely misses you.
The roots grasp on you weakens, but your attempt to escape fails.
Jorgrun says, "May tha earth consume ye!"
The grasping roots constrict you.
The orc knight hits you with a +0 broad axe!
The roots grasp on you weakens, but your attempt to escape fails.
The grasping roots constrict you!
You focus on the pain.
You feel your power returning.
The orc knight is engulfed in blazing flames.
The orc knight hits you with a +0 broad axe!!
You escape the roots grasp.
An orc warrior comes into view. It is wielding a +0 arbalest.
The orc knight is no longer blind.
The centaur wields a +0 shortbow.
The centaur shoots an arrow.
The arrow barely misses you. Jorgrun gestures at you while chanting.
The iron shot hits you!!!
You die...
Your body crumbles into a pile of gold.

.. ....≈ o.#..... ..
.....≈≈ #≈≈.. ... . #..#.#
..##..##...###...##..##.
...$#
..........o..............
....................gcoc..o
oo$$...... #........o......
.$o$....$. ..............
...$....$. #o.........#
...$...... #○@...#...#
.$<....... #☼☼......# .
.......... ##.......## #..
.........# ##.........#..#.
.......... #..............#
.........# ##......<..#..#
..$....... #.....$...#
.#.#.....# #....#........
#####.#.## ##..####.#.##.#


You could see Jorgrun, an orc knight, 3 orc warriors and 2 centaurs.

Vanquished Creatures
  Kirke (Lair:3)
  Josephine (Orc:2)
  Harold (D:9)
  Fannar (Orc:1)
  3 boulder beetles
  5 hydras
  Erica (Lair:2)
  A two-headed ogre (D:9)
  4 death yaks
  An orc high priest (D:10)
  Amaemon (Lair:1)
  2 lindwurms (Lair:4)
  An orc knight (D:10)
  5 deep elf pyromancers
  5 deep elf zephyrmancers
  2 orc sorcerers
  13 elephants
  3 black mambas
  2 torpor snails
  An orange demon (Lair:1)
  9 cane toads
  Maggie (D:9)
  2 rime drakes
  6 komodo dragons
  7 trolls
  11 polar bears
  Prince Ribbit (D:9)
  9 blink frogs
  13 dream sheep
  A culicivora (Lair:3)
  A shadow (D:7)
  4 wraiths (Orc:1)
  32 yaks
  5 wyverns
  4 hogs
  5 basilisks
  Eustachio (D:4)
  6 steam dragons
  4 wargs (Lair:5)
  An acid dragon (D:9)
  9 water moccasins
  13 hell hounds (Lair:5)
  3 sky beasts
  12 orc warriors
  3 ice beasts
  12 black bears
  4 ogres
  19 wolves
  11 centaurs
  3 kobold brigands
  Blork the orc (D:4)
  12 bullfrogs
  2 gnoll sergeants (D:10)
  4 scorpions
  5 wights
  3 hounds
  A gnoll bouda (D:6)
  Crazy Yiuf (D:7)
  7 orc priests
  6 iguanas
  7 orc wizards
  6 hell rats
  17 gnolls
  5 river rats
  8 adders
  2 white imps
  3 ufetubi
  A worm (D:3)
  2 dart slugs
  46 orcs
  3 ball pythons
  3 endoplasms
  2 giant cockroaches
  6 goblins
  6 hobgoblins
  2 jackals (D:2)
  3 quokkas
  4 bats
  6 frilled lizards
  15 kobolds
  18 rats
473 creatures vanquished.

Vanquished Creatures (collateral kills)
  2 komodo dragons
  2 polar bears (Lair:5)
  A blink frog (Lair:1)
  A raiju (Lair:5)
  3 hell hounds (Lair:5)
  6 wolves
  A bullfrog (Lair:2)
16 creatures vanquished.

Vanquished Creatures (others)
  A human (Lair:3)
  An orc warrior (Orc:1)
  2 orcs (D:10)
  A kobold (D:4)
  A bush (D:8)
  33 fungi
  74 plants
113 creatures vanquished.

Grand Total: 602 creatures vanquished

Notes
Turn   | Place    | Note
-------+----------+-------------------------------------------
     0 | D:1      | croobank the Demonspawn Conjurer began the quest for the
                  | Orb.
     0 | D:1      | Reached XP level 1. HP: 13/13 MP: 3/3
    93 | D:1      | Found a faded altar of an unknown god.
   246 | D:1      | You fall into a shaft and drop 1 floor!
   429 | D:1      | Gained mutation: You have a pair of small antennae on your
                  | head. [demonic ancestry]
   429 | D:1      | Reached XP level 2. HP: 19/19 MP: 5/5
   432 | D:1      | Learned a level 2 spell: Searing Ray
  1184 | D:2      | Gained mutation: You sometimes gain a little power by
                  | taking damage. [demonic ancestry]
  1184 | D:2      | Reached XP level 3. HP: 25/25 MP: 0/6
  1245 | D:2      | Learned a level 3 spell: Dazzling Flash
  1286 | D:2      | Reached skill level 1 in Fighting
  1347 | D:2      | Found a snail-covered altar of Cheibriados.
  2522 | D:3      | Identified the +1 dagger of the New World {vorpal, Str+2}
  2538 | D:3      | Gained mutation: You are partially covered in yellow
                  | scales. (AC +2) [demonic ancestry]
  2538 | D:3      | Reached XP level 4. HP: 32/32 MP: 4/7
  2616 | D:3      | Found a glowing drain.
  2625 | Sewer    | Entered a sewer
  2851 | Sewer    | Gained mutation: You are mostly covered in yellow scales.
                  | (AC +3) [demonic ancestry]
  2851 | Sewer    | Reached XP level 5. HP: 15/38 MP: 7/9
  3312 | D:3      | Found a shadowy altar of Dithmenos.
  3555 | D:3      | Identified the ring of Idoatuq {AC+4 Dex+4}
  3745 | D:4      | Learned a level 3 spell: Call Canine Familiar
  4095 | D:4      | Noticed an ogre
  4103 | D:4      | Killed an ogre
  4104 | D:4      | Reached XP level 6. HP: 46/46 MP: 0/10
  4202 | D:4      | Noticed Blork the orc
  4211 | D:4      | Killed Blork the orc
  4212 | D:4      | Reached skill level 1 in Hexes
  4212 | D:4      | Reached skill level 1 in Summonings
  4534 | D:4      | Found an iron altar of Okawaru.
  4782 | D:4      | Noticed Eustachio
  4817 | D:4      | Killed Eustachio
  4818 | D:4      | Reached XP level 7. HP: 32/52 MP: 3/11
  4891 | D:4      | Noticed a steam dragon
  4903 | D:4      | Killed a steam dragon
  4904 | D:4      | Reached skill level 5 in Conjurations
  5915 | D:5      | Entered Level 5 of the Dungeon
  7036 | D:5      | Gained mutation: Your demonic aura sometimes causes spilled
                  | blood to erupt in flames. [demonic ancestry]
  7036 | D:5      | Reached XP level 8. HP: 60/60 MP: 1/13
  7136 | D:5      | Found a transporter.
  7137 | D:5      | Noticed hawla's ghost (novice MeFE)
  7143 | D:5      | Identified the +6 dire flail of Inference {freeze, *Slow
                  | rPois rF+ Will+++}
  9075 | D:7      | Reached XP level 9. HP: 66/66 MP: 4/15
  9165 | D:7      | Found a staircase to the Ecumenical Temple.
  9181 | Temple   | Entered the Ecumenical Temple
  9352 | D:7      | Noticed a troll
  9362 | D:7      | Killed a troll
  9363 | D:7      | Reached skill level 5 in Stealth
  9413 | D:7      | Found a shimmering blue altar of Sif Muna.
  9466 | D:7      | Reached skill level 5 in Fighting
  9953 | D:7      | Found a runed translucent door.
  9954 | D:7      | Noticed Crazy Yiuf
  9961 | D:7      | Killed Crazy Yiuf
 10217 | D:8      | Reached skill level 5 in Dodging
 10217 | D:8      | Reached skill level 5 in Spellcasting
 10311 | D:8      | Gained mutation: You sometimes gain power by taking damage.
                  | [demonic ancestry]
 10311 | D:8      | Reached XP level 10. HP: 45/76 MP: 2/18
 10451 | D:8      | Found a staircase to the Lair.
 10497 | D:8      | Reached skill level 5 in Hexes
 10502 | D:8      | Reached skill level 5 in Summonings
 10871 | D:8      | Identified the +2 spear of Exquisite Torment {freeze, rElec
                  | rF+ Dex+2 Stlth+}
 11147 | D:8      | Learned a level 4 spell: Fulminant Prism
 12177 | D:9      | Noticed a two-headed ogre
 12300 | D:9      | Found an opulent altar of Gozag.
 12342 | D:9      | Found a hazy altar of Hepliaklqana.
 12342 | D:9      | Found a basalt altar of Yredelemnul.
 12498 | D:9      | Became a worshipper of Gozag Ym Sagoz the Greedy
 12523 | D:9      | Noticed Harold
 12539 | D:9      | Killed Harold
 12581 | D:9      | Killed a two-headed ogre
 12602 | D:9      | Gained mutation: You are completely covered in yellow
                  | scales. (AC +4, rCorr) [demonic ancestry]
 12602 | D:9      | Reached XP level 11. HP: 68/83 MP: 11/20
 12697 | D:9      | Noticed Prince Ribbit
 12697 | D:9      | Noticed Maggie
 12711 | D:9      | Killed Prince Ribbit
 12749 | D:9      | Killed Maggie
 12945 | D:9      | Found Bidonin's One-of-a-Kind Rings.
 12986 | D:9      | Found a runed translucent door.
 12986 | D:9      | Noticed mampy3000's ghost (journeyman MiBe)
 12995 | D:9      | Found a burning altar of Makhleb.
 13306 | D:10     | Entered Level 10 of the Dungeon
 14264 | D:10     | Found a staircase to the Orcish Mines.
 14445 | D:10     | Identified the +8 sling of Destiny {flame, rElec rF+ rC-
                  | Str+4}
 15693 | D:10     | Learned a level 3 spell: Mephitic Cloud
 15967 | D:11     | Noticed a boulder beetle
 16033 | D:11     | Killed a boulder beetle
 16260 | Lair:1   | Entered Level 1 of the Lair of Beasts
 16266 | Lair:1   | Reached skill level 1 in Poison Magic
 16472 | Lair:1   | Reached skill level 1 in Armour
 17210 | Lair:1   | Noticed Amaemon
 17232 | Lair:1   | Killed Amaemon
 17233 | Lair:1   | Gained mutation: You are powered by pain. [demonic
                  | ancestry]
 17233 | Lair:1   | Reached XP level 12. HP: 45/92 MP: 22/22
 17399 | Lair:2   | Noticed Erica
 17414 | Lair:2   | Killed Erica
 17656 | Lair:2   | Noticed an eight-headed hydra
 17664 | Lair:2   | Learned a level 4 spell: Iskenderun's Mystic Blast
 17670 | Lair:2   | Killed a five-headed hydra
 17785 | Lair:2   | Noticed a four-headed hydra
 18311 | Lair:2   | Killed a three-headed hydra
 18537 | Lair:3   | Noticed a six-headed hydra
 18541 | Lair:3   | Killed a four-headed hydra
 18548 | Lair:3   | Noticed Kirke
 18734 | Lair:3   | Killed Kirke
 19823 | Lair:3   | Found a staircase to the Swamp.
 20065 | Lair:3   | Identified the amulet "Guigacvu" {Regen+ Str+4}
 20120 | Lair:3   | Noticed a death yak
 20132 | Lair:3   | Noticed a death yak
 20132 | Lair:3   | Noticed a death yak
 20166 | Lair:3   | Noticed a death yak
 20177 | Lair:2   | Killed a death yak
 20338 | Lair:3   | Identified the +1 cloak "Zadag" {Will+ Int-5 Dex+2}
 20437 | Lair:3   | Noticed a boulder beetle
 20459 | Lair:3   | Killed a boulder beetle
 20586 | Lair:2   | Killed a death yak
 20663 | Lair:2   | Killed a death yak
 20811 | Lair:3   | Killed a death yak
 21014 | Lair:3   | Found a hole to the Spider Nest.
 21126 | Lair:3   | Gained mutation: Your demonic aura often causes spilled
                  | blood to erupt in flames. [demonic ancestry]
 21126 | Lair:3   | Reached XP level 13. HP: 83/99 MP: 22/25
 21177 | Lair:3   | Reached skill level 1 in Translocations
 21519 | Lair:4   | Identified the +1 rapier "Bugorch" {vorpal, rF++}
 21659 | Lair:4   | Reached skill level 5 in Poison Magic
 22088 | Lair:4   | Reached skill level 5 in Armour
 22202 | Lair:4   | Found a viscous altar of Jiyva.
 22202 | Lair:4   | Found a staircase to the Slime Pits.
 22546 | Lair:5   | Entered Level 5 of the Lair of Beasts
 22618 | Lair:5   | Reached skill level 10 in Conjurations
 22660 | Lair:5   | Reached skill level 1 in Polearms
 23472 | Lair:5   | Gained mutation: You have a pair of antennae on your head.
                  | [demonic ancestry]
 23472 | Lair:5   | Reached XP level 14. HP: 96/109 MP: 18/26
 25597 | Orc:1    | Entered Level 1 of the Orcish Mines
 25874 | D:10     | Reached skill level 10 in Stealth
 26480 | D:10     | Reached skill level 10 in Fighting
 27248 | Orc:1    | Noticed Fannar
 27428 | Orc:1    | Killed Fannar
 28353 | Orc:2    | Entered Level 2 of the Orcish Mines
 28353 | Orc:2    | Noticed Josephine
 28488 | Orc:2    | Killed Josephine
 29037 | Orc:2    | Noticed Jorgrun
 29187 | Orc:2    | Killed from afar by Jorgrun

Illustrated notes

Levels and vault maps discovered:
D:1:      minmay_arrival_checkered_box, layout_loops_ring,
          shapermc_ecumenical_altar_starsandcircs, minmay_rat_gold_closets
D:2:      layout_basic, basic_altar, chequers_garden, nrook_uturn
D:3:      layout_loops_corners, amcnicky_altar_gilded, portal_sewer_entry_a,
          guppyfry_early_orc_mine
D:4:      layout_layer_cave, okawaru_altar_gauntlet_db, uniq_eustachio,
          uniq_blork_the_orc
D:5:      layout_basic, gammafunk_ghost_smash, wad_floor_pattern_untrapped
D:6:      layout_gridville, minmay_manual_mares
D:7:      layout_cave_pools, nicolae_overflow_crystal_walls,
          mainiacjoe_overflow_paths, minmay_temple_entry_slanted,
          eino_small_chamber_without_monster, uniq_crazy_yiuf_cottage
D:8:      layout_loops_corners, minmay_lair_entry_grove
D:9:      layout_irregular_city, mainiacjoe_overflow_boulevard,
          grunt_temple_overflow_open, hellmonk_ghost_big_iron,
          nicolae_shop_unique_rings, uniq_prince_ribbit1, uniq_harold,
          uniq_maggie
D:10:     layout_basic, david_orc_5
D:11:     layout_roguey
Temple:   nicolae_temple_superstar
Lair:1:   layout_hall_layers, lemuel_fruit_fields, uniq_amaemon
Lair:2:   layout_cave_shapes, st_stairs_6, uniq_erica
Lair:3:   layout_gridlike, swamp_mist, spider_nest_entry_rubble, uniq_kirke
Lair:4:   layout_small_grid, slime_entry_1, minivault_26
Lair:5:   hangedman_lair_caniforms_friends, layout_small_grid
Orc:1:    layout_caves, elves_outpost_lemuel, uniq_fannar
Orc:2:    st_orc_rangers, layout_caves, basic_altar, uniq_jorgrun,
          uniq_josephine

Skill      XL: |  1  2  3  4  5  6  7  8  9 10 11 12 13 14 |
---------------+-------------------------------------------+-----
Stealth        | 2 3 4 5 6 7 8 9 10 | 10.3
Dodging        | 2 3 4 5 6 7 8 9 |  9.5
Fighting       | 1 2 3 4 5 6 7 8 9 10 | 10.3
Spellcasting   | 3 4 5 6 7 8 9 |  9.4
Hexes          | 1 2 3 4 5 6 |  6.4
Summonings     | 1 2 3 4 5 6 |  6.3
Conjurations   | 5 6 7 8 9 10 | 10.9
Poison Magic   | 2 4 5 |  5.0
Armour         | 2 4 5 |  5.0
Translocations | 3 4 |  4.8
Polearms       | 2 4 |  4.2
Axes           | |  0.4

Action                   |  1- 3 |  4- 6 |  7- 9 | 10-12 | 13-15 || total
-------------------------+-------+-------+-------+-------+-------++-------
Melee: Hand axe          |    36 |       |       |       |       ||    36
       Short sword       |    39 |       |       |   118 |       ||   157
       Punch             |     2 |     1 |       |     5 |     1 ||     9
       Dagger            |     7 |    78 |    47 |    46 |     2 ||   180
       Battleaxe         |       |       |    61 |   140 |   388 ||   589
       Spear             |       |       |       |    36 |    25 ||    61
       Scimitar          |       |       |       |    39 |     7 ||    46
       Unarmed           |       |       |       |     7 |       ||     7
 Fire: Sling             |       |       |       |       |     6 ||     6
Throw: Throwing net      |       |       |       |    13 |       ||    13
       Dart              |       |       |       |     2 |       ||     2
 Cast: Magic Dart        |    18 |     5 |    15 |    33 |    40 ||   111
       Searing Ray       |    13 |    21 |    66 |    80 |    78 ||   258
       Dazzling Flash    |     1 |     8 |     5 |    27 |    13 ||    54
       Call Canine Famil |       |       |       |    15 |    20 ||    35
       Mephitic Cloud    |       |       |       |     1 |     4 ||     5
       Iskenderun's Myst |       |       |       |       |     9 ||     9
Invok: Potion Petition   |       |       |       |       |     1 ||     1
Evoke: Wand              |       |       |       |     7 |       ||     7
  Use: Scroll            |     4 |     2 |     4 |    16 |     2 ||    28
       Potion            |     1 |     4 |     7 |     3 |       ||    15
 Stab: Sleeping          |     6 |     3 |     1 |     3 |     4 ||    17
       Invisible         |       |     4 |     6 |    10 |    10 ||    30
       Held in net/web   |       |       |       |     3 |       ||     3
       Distracted        |       |       |       |     2 |     6 ||     8
       Confused          |       |       |       |       |     4 ||     4
Armor: Robe              |    14 |    38 |    92 |   156 |   303 ||   603
       Skin              |       |       |    28 |       |       ||    28
       Swamp dragon scal |       |       |       |    87 |       ||    87
Dodge: Dodged            |    56 |   102 |   186 |   557 |   668 ||  1569
